 Dungeon Crawl Stone Soup version 0.27-a0-506-g2188dfaaa0 (webtiles) character file.

Game seed: 8416723830538666891

130 Gaff the Sneak (level 5, 0/36 HPs)
             Began as an Octopode Brigand on Mar 3, 2021.
             Slain by an orc wizard
             ... wielding a +0 dagger
              (4 damage)
             ... on level 2 of the Dungeon.
             The game lasted 00:05:42 (2552 turns).

Gaff the Sneak (Octopode Brigand)                   Turns: 2552, Time: 00:05:43

Health: 0/36       AC:  1    Str: 11    XL:     5   Next: 13%
Magic:  5/5        EV: 17    Int: 13    God:
Gold:   127        SH:  0    Dex: 14    Spells: 4/4 levels left

rFire    . . .     SeeInvis .   a - +2 dagger
rCold    . . .     Faith    .   d - +0 buckler
rNeg     . . .     Spirit   .   (helmet restricted)
rPois    .         Reflect  .   (no amulet)
rElec    .         Harm     .   f - +4 ring of evasion
rCorr    .         Rampage  .   (no ring)
Will     .....                  (no ring)
Stlth    ++........             (no ring)
HPRegen  0.12/turn              (no ring)
MPRegen  0.09/turn              (no ring)
                                (no ring)
                                (no ring)

@: confused
A: almost no armour, stealthy swim, amphibious, 8 rings, constrict 8, camouflage
1, gelatinous body 1
a: no special abilities


You were on level 2 of the Dungeon.
You visited 1 branch of the dungeon, and saw 2 of its levels.

You collected 127 gold pieces.

Inventory:

Hand Weapons
 a - a +2 dagger (weapon)
 e - a +0 short sword
Missiles
 b - 2 poisoned darts (quivered)
 c - 2 curare-tipped darts
Armour
 d - a +0 buckler (worn)
Jewellery
 f - a +4 ring of evasion (left tentacle)
Wands
 l - a wand of flame (19)
Scrolls
 g - a scroll of blinking {unknown}
 i - 3 scrolls of identify {unknown}
 j - a scroll of teleportation {unknown}
 o - a scroll of noise {unknown}
 p - a scroll of enchant armour {unknown}
Potions
 h - a potion of resistance {unknown}
 k - a potion of attraction {unknown}
 m - a potion of mutation {unknown}
 n - 2 potions of curing {unknown}


   Skills:
 + Level 2.9 Fighting
 + Level 2.8 Short Blades
 - Level 2.0 Throwing
 * Level 2.3 Dodging
 + Level 6.8 Stealth


You had 4 spell levels left.
You didn't know any spells.
Your spell library was empty.

Dungeon Overview and Level Annotations

Branches:
Dungeon (2/15)

Altars:


Innate Abilities, Weirdness & Mutations

You cannot wear most types of armour.
You are very stealthy in the water. (Stealth+)
You are amphibious.
You can wear up to eight rings at the same time.
You can use your tentacles to constrict eight enemies at once.
Your skin changes colour to match your surroundings (Stealth+).
Your rubbery body absorbs attacks. (AC +1, EV +1)


Message History

Press: ? - help, Q - select action, (/) - cycle Shift-Dir - straight line, f/p - orc wizard
Aim: an orc wizard, wielding a +0 dagger and wearing a +0 robe (53% to hit)
You throw a poisoned dart. The poisoned dart hits the orc wizard.
The orc wizard casts a spell at itself.
The orc wizard flickers and vanishes!
Deactivating autopickup; reactivate with Ctrl-A.
Things that are here:
a +0 dagger; a +0 robe
Things that are here:
a +0 dagger; a +0 robe; an orc corpse The orc misses you.
Things that are here:
a +0 dagger; a +0 robe You block the orc's attack.
You barely miss the orc. You grab the orc. You constrict the orc.
You hit the orc but do no damage.
The orc is moderately wounded.
You constrict the orc. The orc hits you with a +0 trident!
You hit the orc. You squeeze the orc.
You kill the orc!
You hit something. Something hits you.
You closely miss something. Something hits you.
You hit something but do no damage. Something hits you.
You miss something. Something hits you.
You miss something.
You hear some strange, mumbled words.
You are confused.
You bump into the rock wall.
Something closely misses you.
You're too confused to move!
Something hits you.
You barely miss something.
You hear some strange, mumbled words.
You are more confused.
You bump into the rock wall.
Something hits you.
You barely miss something. Your squeeze misses something.
You hear some strange, mumbled words.
A magic dart appears from out of thin air!
The magic dart hits you!
* * * LOW HITPOINT WARNING * * *
You bump into the rock wall.
Something hits you.
You die...

###
##################..
#.{@))..............
#.###########....#..
#.#### #....#..
#o...# #....#..
#....# #....#..
#{...# #....#..
#(...### ########
#......# #(...(<#


There were no monsters in sight!

Vanquished Creatures
  2 orc wizards (D:2)
  Robin (D:2)
  3 dart slugs
  A leopard gecko (D:1)
  2 orcs (D:2)
  6 bats
  A bat zombie (D:1)
  5 giant cockroaches
  13 goblins
  5 hobgoblins
  A quokka (D:2)
  A ball python (D:1)
  3 frilled lizards
  10 kobolds
  A quokka zombie (D:1)
  4 rats
59 creatures vanquished.

Notes
Turn   | Place    | Note
-------+----------+-------------------------------------------
     0 | D:1      | Gaff the Octopode Brigand began the quest for the Orb.
     0 | D:1      | Reached XP level 1. HP: 14/14 MP: 1/1
   228 | D:1      | Reached XP level 2. HP: 19/19 MP: 2/2
   811 | D:1      | Reached skill level 6 in Stealth
   816 | D:1      | Reached XP level 3. HP: 19/25 MP: 3/3
  1268 | D:2      | Noticed Robin
  1294 | D:2      | Killed Robin
  1807 | D:2      | Reached XP level 4. HP: 24/30 MP: 4/4
  2504 | D:2      | Reached XP level 5. HP: 36/36 MP: 5/5
  2552 | D:2      | Slain by an orc wizard

Illustrated notes

Levels and vault maps discovered:
D:1:      saegor_arrival_fortress, layout_basic
D:2:      layout_basic, kennysheep_another_room, uniq_robin

Skill      XL: |  1  2  3  4 |
---------------+-------------+-----
Stealth        | 6 |  6.8
Dodging        | 2 |  2.3
Fighting       | |  2.9
Short Blades   | |  2.8
Throwing       | |  2.0

Action                   |  1- 3 |  4- 6 || total
-------------------------+-------+-------++-------
Melee: Dagger            |    77 |    51 ||   128
       Constrict         |    21 |    10 ||    31
       Tentacles         |    11 |     3 ||    14
Throw: Dart              |       |    10 ||    10
 Stab: Sleeping          |     7 |     6 ||    13
Armor: Skin              |     6 |     8 ||    14
Dodge: Dodged            |    47 |    28 ||    75
Block: Buckler           |    12 |     7 ||    19

Table legend: (Time is in decaauts)
 A = Elapsed time spent in this place.
 B = Non-inter-level travel time spent in this place.
 C = Inter-level travel time spent in this place.
 D = Time resting spent in this place.
 E = Time spent auto-exploring this place.
 F = Levels seen in this place.
 G = Mean time per level.
                   A        B        C        D        E       F      G
               +--------+--------+--------+--------+--------+-----+--------+
         Total |   2547 |   2452 |     95 |    719 |   1177 |   2 | 1273.5 |
       Dungeon |   2547 |   2452 |     95 |    719 |   1177 |   2 | 1273.5 |
               +--------+--------+--------+--------+--------+-----+--------+

Top non-repeatable levels by time:
     D:1: 1680 daAuts
     D:2: 867 daAuts
